 Dungeon Crawl Stone Soup version 0.23.0 (webtiles) character file.

Game seed: 1690606744177494799

209 kaze the Chopper (level 5, 0/46 HPs)
             Began as a Hill Orc Fighter on Feb 11, 2019.
             Was an Initiate of Okawaru.
             Slain by a gnoll
             ... wielding a +0 whip
              (3 damage)
             ... on level 3 of the Dungeon.
             The game lasted 00:04:01 (2087 turns).

kaze the Chopper (Hill Orc Fighter)                 Turns: 2087, Time: 00:04:03

Health: 0/46       AC:  7    Str: 20    XL:     5   Next: 87%
Magic:  5/5        EV:  7    Int:  8    God:    Okawaru [......]
Gold:   106        SH:  9    Dex: 10    Spells: 4/4 levels left

rFire    . . .     SeeInvis .   a - +0 war axe
rCold    . . .     Gourm    .   c - +0 shield
rNeg     . . .     Faith    .   b - +0 scale mail
rPois    .         Spirit   .   (no helmet)
rElec    .         Reflect  .   (no cloak)
rCorr    .         Harm     .   (no gloves)
MR       .....                  (no boots)
Stlth    ..........             (no amulet)
HPRegen  0.15/turn              (no ring)
MPRegen  0.09/turn              (no ring)

@: lethally poisoned (0 -> -5)
A: no striking features
a: Renounce Religion


You were on level 3 of the Dungeon.
You worshipped Okawaru.
Okawaru was noncommittal.
You were not hungry.

You visited 1 branch of the dungeon, and saw 3 of its levels.

You collected 106 gold pieces.

Inventory:

Hand Weapons
 a - a +0 war axe (weapon)
Armour
 b - a +0 scale mail (worn)
 c - a +0 shield (worn)
Scrolls
 e - 2 scrolls of remove curse
 h - a scroll of fog
 n - 2 scrolls of teleportation
 o - 3 scrolls of identify
 r - a scroll of enchant weapon {unknown}
Potions
 d - a potion of might
 j - 2 potions of mutation {unknown}
 l - 5 potions of curing {unknown}
 p - 3 potions of heal wounds {unknown}
 q - a potion of flight {unknown}
 s - a potion of lignification {unknown}
Comestibles
 f - 3 rations


   Skills:
 + Level 4.2 Fighting
 + Level 5.2 Axes
 + Level 4.3 Armour
 + Level 0.9 Dodging
 + Level 0.1 Stealth
 + Level 4.3 Shields


You had 4 spell levels left.
You didn't know any spells.
Your spell library contained the following spells:

 Spells                   Type           Power        Failure   Level  Hunger
 Animate Skeleton         Necr           N/A          99%         1    ##.....
 Apportation              Tloc           #.....       99%         1    ##.....
 Confusing Touch          Hex            #.....       99%         1    ##.....
 Summon Small Mammal      Summ           #...         99%         1    ##.....


Dungeon Overview and Level Annotations

Branches:
Dungeon (3/15)

Altars:
Okawaru
Zin


Message History

You closely miss the kobold. You hit the adder but do no damage.
The adder bites you but does no damage. The kobold hits you but does no damage.
The adder bites you.
* * * LOW HITPOINT WARNING * * *
Unknown command.
You are too injured to fight recklessly!
You slash the kobold!
You kill the kobold!
Okawaru accepts your kill.
Your shield and scale mail prevent you from hitting the adder.
You feel sick.
The gnoll throws a throwing net.
You block the throwing net. The adder bites you but does no damage.
You are too injured to fight recklessly!
You hit the gnoll.
The gnoll is lightly wounded.
You closely miss the adder. You block the adder's attack. The adder bites you.
* * * LOW HITPOINT WARNING * * *
You are lethally poisoned!
The adder poisons you! The gnoll hits you with a +0 whip.
You die...

#.... ....
#.... ...
#.... #..
#.... ..#
#.... #.. #
##.## #.. .#
#.# #..## ..#
#.# #.S@##..#
##.# #.#g#...#
#(.# #. #...#
##(### ..
#..## #§§..#
###..†).....##
#..§.#
#....###....
#§§§§. #....#
###. #§§§§§
#..(..# #.#
#§§§§§ #.#...#
#..##§§§§#


You could see a gnoll and an adder.

Vanquished Creatures
  A centaur (D:3)
  Terence (D:2)
  3 adders (D:3)
  3 gnolls (D:3)
  2 leopard geckos (D:1)
  An orc (D:3)
  A ball python (D:3)
  5 giant cockroaches
  2 goblins (D:2)
  6 hobgoblins
  5 jackals
  A quokka (D:3)
  3 bats
  8 frilled lizards
  8 kobolds
  A rat (D:2)
51 creatures vanquished.

Notes
Turn   | Place    | Note
-------+----------+-------------------------------------------
     0 | D:1      | kaze the Hill Orc Fighter began the quest for the Orb.
     0 | D:1      | Reached XP level 1. HP: 19/19 MP: 1/1
    48 | D:1      | Reached XP level 2. HP: 16/27 MP: 2/2
   251 | D:1      | Found an iron altar of Okawaru.
   269 | D:1      | Became a worshipper of Warmaster Okawaru
   339 | D:1      | Reached skill level 3 in Axes
   519 | D:1      | Reached XP level 3. HP: 28/33 MP: 3/3
   834 | D:2      | Noticed Terence
   845 | D:2      | Killed Terence
   899 | D:2      | Found a glowing silver altar of Zin.
  1201 | D:2      | Reached XP level 4. HP: 40/40 MP: 4/4
  1393 | D:2      | Reached skill level 4 in Axes
  1786 | D:3      | Noticed a centaur
  1794 | D:3      | Killed a centaur
  1794 | D:3      | Reached XP level 5. HP: 8/46 MP: 5/5
  2069 | D:3      | Reached skill level 5 in Axes
  2087 | D:3      | Slain by a gnoll

Skill      XL: |  1  2  3  4  5 |
---------------+----------------+-----
Axes           | 3 4 5 |  5.2
Fighting       | 4 |  4.2
Shields        | 4 |  4.3
Armour         | 4 |  4.3
Dodging        | |  0.9
Stealth        | |  0.1

Action                   |  1- 3 |  4- 6 || total
-------------------------+-------+-------++-------
Melee: War axe           |   122 |    42 ||   164
  Use: Scroll            |       |     7 ||     7
  Eat: Ration            |       |     1 ||     1
       Chunk             |       |     1 ||     1
Armor: Scale mail        |    68 |    29 ||    97
Dodge: Dodged            |    48 |    18 ||    66
Block: Shield            |    55 |    25 ||    80
